TOP OF THE 1ST |
Boston (APP) Red Sox batting - Pitching for Greeneville Astros : LHP Guadalupe Gonzalez
|
Pitching: LHP Guadalupe Gonzalez
|
|
Batting: LHB Javier Cajina
|
0-0: Ball 1-0: Called Strike 1-1: Swinging Strike 1-2: SOLO HOME RUN (Flyball, 78XD, EV 100.6 MPH), Distance : 406 ft
|
Batting: RHB Kirk Cully
|
0-0: Ball 1-0: Ball 2-0: Ball 3-0: Base on Balls
|
Batting: LHB Kien-lung Zou
|
0-0: Foul Ball, location: 2F 0-1: Fly out, F4 (Line Drive, 4, EV 62.5 MPH)
|
Batting: RHB Josh Smith
|
0-0: Called Strike Kirk Cully steals 2nd base 0-1: Ball 1-1: Ball 2-1: Ball 3-1: Called Strike 3-2: Base on Balls
|
Batting: RHB Eric Kent
|
0-0: Foul Ball, location: 2F 0-1: Called Strike 0-2: Foul Ball, location: 2F 0-2: Ball 1-2: Ball 2-2: Strikes out swinging
|
Batting: RHB Luis Nino
|
0-0: Ball 1-0: Called Strike 1-1: Ground out 6-3 (Groundball, 6S, EV 87.5 MPH)
|
Top of the 1st over - 1 run, 1 hit, 0 errors, 2 left on base; Boston (APP) 1 - Greeneville 0 |
BOTTOM OF THE 1ST |
Greeneville Astros batting - Pitching for Boston (APP) Red Sox : RHP Seb Lightfoot
|
Pitching: RHP Seb Lightfoot
|
|
Batting: RHB Hugo Priego
|
0-0: Swinging Strike 0-1: Foul Ball, location: 2F 0-2: Hit by Pitch
|
Batting: RHB Keith Goodwin
|
0-0: Ball 1-0: Ball Hugo Priego steals 2nd base 2-0: Ball 3-0: Base on Balls
|
Batting: RHB John Moore
|
0-0: Fly out, F6 (Popup, 6M, EV 64.4 MPH)
|
Batting: RHB Roger Pelley
|
0-0: Called Strike 0-1: Ball 1-1: Ball 2-1: Grounds into double play, 5-4-3 (Groundball, 56S, EV 86.9 MPH)
|
Bottom of the 1st over - 0 runs, 0 hits, 0 errors, 1 left on base; Boston (APP) 1 - Greeneville 0 |
TOP OF THE 2ND |
Boston (APP) Red Sox batting - Pitching for Greeneville Astros : LHP Guadalupe Gonzalez
|
Batting: SHB Matsudaira Ikeda
|
0-0: Foul Ball, location: 2F 0-1: Ball 1-1: Swinging Strike 1-2: Foul Ball, location: 2F 1-2: Ball 2-2: Foul Ball, location: 2F 2-2: Ball 3-2: Strikes out swinging
|
Batting: RHB Estevan Carrillo
|
0-0: Ground out 4-3 (Groundball, 4, EV 80.0 MPH)
|
Batting: RHB Mo Tsang
|
0-0: Ball 1-0: Foul Ball, location: 2F 1-1: Foul Ball, location: 2F 1-2: Foul Ball, location: 2F 1-2: Foul Ball, location: 2F 1-2: Foul Ball, location: 2F 1-2: Ball 2-2: Ball 3-2: Strikes out swinging
|
Top of the 2nd over - 0 runs, 0 hits, 0 errors, 0 left on base; Boston (APP) 1 - Greeneville 0 |
BOTTOM OF THE 2ND |
Greeneville Astros batting - Pitching for Boston (APP) Red Sox : RHP Seb Lightfoot
|
Batting: LHB Ryan Fridley
|
0-0: Fly out, F8 (Flyball, 8RM, EV 93.1 MPH)
|
Batting: RHB Domingas Saragoa
|
0-0: Called Strike 0-1: Foul Ball, location: 2F 0-2: Foul Ball, location: 2F 0-2: Fly out, F8 (Flyball, 8LD, EV 105.0 MPH)
|
Batting: LHB Gong Tow
|
0-0: Called Strike 0-1: Called Strike 0-2: Ball 1-2: Ball 2-2: Ball 3-2: Strikes out swinging, 2-3 out at first.
|
Bottom of the 2nd over - 0 runs, 0 hits, 0 errors, 0 left on base; Boston (APP) 1 - Greeneville 0 |
TOP OF THE 3RD |
Boston (APP) Red Sox batting - Pitching for Greeneville Astros : LHP Guadalupe Gonzalez
|
Batting: LHB Javier Cajina
|
0-0: Called Strike 0-1: Called Strike 0-2: Foul Ball, location: 2F 0-2: Ball 1-2: Strikes out swinging
|
Batting: RHB Kirk Cully
|
0-0: Foul Ball, location: 2F 0-1: Called Strike 0-2: Foul Ball, location: 2F 0-2: Foul Ball, location: 2F 0-2: Ground out U3 (Groundball, 13, EV 85.6 MPH)
|
Batting: LHB Kien-lung Zou
|
0-0: Foul Ball, location: 2F 0-1: Foul Ball, location: 2F 0-2: Ball 1-2: Ball 2-2: Ball 3-2: SOLO HOME RUN (Flyball, 78XD, EV 114.4 MPH), Distance : 424 ft
|
Batting: RHB Josh Smith
|
0-0: Called Strike 0-1: Ball 1-1: Ball 2-1: Called Strike 2-2: Ball 3-2: Base on Balls
|
Batting: RHB Eric Kent
|
0-0: Fly out, F8 (Flyball, 8LD, EV 86.9 MPH)
|
Top of the 3rd over - 1 run, 1 hit, 0 errors, 1 left on base; Boston (APP) 2 - Greeneville 0 |
BOTTOM OF THE 3RD |
Greeneville Astros batting - Pitching for Boston (APP) Red Sox : RHP Seb Lightfoot
|
Batting: LHB Guadalupe Gonzalez
|
0-0: Ball 1-0: Swinging Strike 1-1: Bunt missed! 1-2: Strikes out swinging
|
Batting: RHB Devon Healy
|
0-0: Ball 1-0: Foul Ball, location: 2F 1-1: Ball 2-1: Foul Ball, location: 2F 2-2: Foul Ball, location: 2F 2-2: Foul Ball, location: 2F 2-2: Foul Ball, location: 2F 2-2: SINGLE (Line Drive, 8LS, EV 95.0 MPH)
|
Batting: RHB Hugo Priego
|
0-0: Called Strike 0-1: Ball 1-1: Foul Ball, location: 2F 1-2: DOUBLE (Groundball, 5L, EV 103.8 MPH) Devon Healy to third
|
Batting: RHB Keith Goodwin
|
0-0: Foul Ball, location: 2F 0-1: Swinging Strike 0-2: Ball 1-2: Foul Ball, location: 2F 1-2: Ball 2-2: Foul Ball, location: 2F 2-2: Foul Ball, location: 2F 2-2: Foul Ball, location: 2F 2-2: Fly out, F8 (Flyball, 78S, EV 85.0 MPH)
|
Batting: RHB John Moore
|
0-0: SINGLE (Groundball, 34D, EV 102.5 MPH) Devon Healy scores Hugo Priego to third Runner from 3rd tries for Home, SAFE, throw by RF to home
|
Batting: RHB Roger Pelley
|
0-0: Ball 1-0: Called Strike John Moore is caught stealing 2nd base 2-4
|
Bottom of the 3rd over - 2 runs, 3 hits, 0 errors, 0 left on base; Boston (APP) 2 - Greeneville 2 |
TOP OF THE 4TH |
Boston (APP) Red Sox batting - Pitching for Greeneville Astros : LHP Guadalupe Gonzalez
|
Batting: RHB Luis Nino
|
0-0: Fly out, F7 (Flyball, 7LS, EV 91.9 MPH)
|
Batting: SHB Matsudaira Ikeda
|
0-0: Called Strike 0-1: Foul Ball, location: 2F 0-2: Foul Ball, location: 2F 0-2: Ball 1-2: Ball 2-2: Ball 3-2: Strikes out swinging
|
Batting: RHB Estevan Carrillo
|
0-0: Ball 1-0: Ball 2-0: SINGLE (Groundball, 4M, EV 100.0 MPH) (infield hit)
|
Batting: RHB Mo Tsang
|
0-0: Ball 1-0: Called Strike Estevan Carrillo steals 2nd base 1-1: Swinging Strike 1-2: Foul Ball, location: 2F 1-2: Ball 2-2: Ball 3-2: Strikes out swinging
|
Top of the 4th over - 0 runs, 1 hit, 0 errors, 1 left on base; Boston (APP) 2 - Greeneville 2 |
BOTTOM OF THE 4TH |
Greeneville Astros batting - Pitching for Boston (APP) Red Sox : RHP Seb Lightfoot
|
Batting: RHB Roger Pelley
|
0-0: Ball 1-0: SOLO HOME RUN (Flyball, 7D, EV 98.1 MPH), Distance : 388 ft
|
Batting: LHB Ryan Fridley
|
0-0: Ground out U3 (Groundball, 34S, EV 87.5 MPH)
|
Batting: RHB Domingas Saragoa
|
0-0: Ball 1-0: Foul Ball, location: 2F 1-1: Fly out, F8 (Line Drive, 8LS, EV 94.4 MPH)
|
Batting: LHB Gong Tow
|
0-0: Ball 1-0: Foul Ball, location: 2F 1-1: Ball 2-1: Ball 3-1: Base on Balls
|
Batting: LHB Guadalupe Gonzalez
|
0-0: Ball 1-0: Called Strike 1-1: Ball Gong Tow steals 2nd base 2-1: Reaches on Catchers interference
|
Batting: RHB Devon Healy
|
0-0: Foul Ball, location: 2F 0-1: Ball 1-1: 3-RUN HOME RUN (Line Drive, 78XD, EV 106.2 MPH), Distance : 417 ft
|
Pitching: RHP Matt Collins
|
|
Batting: RHB Hugo Priego
|
0-0: Foul Ball, location: 2F 0-1: SINGLE (Groundball, 56D, EV 102.5 MPH)
|
Batting: RHB Keith Goodwin
|
0-0: Ball 1-0: Foul Ball, location: 2F 1-1: Foul Ball, location: 2F 1-2: Foul Ball, location: 2F 1-2: Fly out, F7 (Flyball, 7D, EV 78.8 MPH)
|
Bottom of the 4th over - 4 runs, 3 hits, 1 error, 1 left on base; Boston (APP) 2 - Greeneville 6 |
TOP OF THE 5TH |
Boston (APP) Red Sox batting - Pitching for Greeneville Astros : LHP Guadalupe Gonzalez
|
Pitching: RHP Ernie Bell
|
|
Batting: LHB Javier Cajina
|
0-0: Called Strike 0-1: Ball 1-1: Reached on error, E4 (Groundball, 4, EV 82.5 MPH)
|
Batting: RHB Kirk Cully
|
0-0: Foul Ball, location: 2F 0-1: DOUBLE (Flyball, 89D, EV 101.2 MPH) Javier Cajina scores
|
Batting: LHB Kien-lung Zou
|
0-0: Called Strike 0-1: Ball 1-1: Ball 2-1: Ball 3-1: Foul Ball, location: 2F 3-2: Foul Ball, location: 2F 3-2: Base on Balls
|
Batting: RHB Josh Smith
|
0-0: Ball 1-0: Ball 2-0: Swinging Strike 2-1: Ball 3-1: Grounds into double play, 3-6-3 (Groundball, 34S, EV 88.8 MPH) Kirk Cully to third
|
Pinch Hitting: SHB Arihito Hiramoto
|
0-0: Ball 1-0: Ball 2-0: Called Strike 2-1: Fly out, F8 (Flyball, 8LS, EV 80.6 MPH)
|
Top of the 5th over - 1 run, 1 hit, 1 error, 1 left on base; Boston (APP) 3 - Greeneville 6 |
BOTTOM OF THE 5TH |
Greeneville Astros batting - Pitching for Boston (APP) Red Sox : RHP Matt Collins
|
Now at 2B: Stanislav Parusov
|
|
Now at 3B: Luis Nino
|
|
Batting: RHB John Moore
|
0-0: Ball 1-0: Called Strike 1-1: Ball 2-1: Ball 3-1: Foul Ball, location: 2F 3-2: Foul Ball, location: 2F 3-2: Foul Ball, location: 2F 3-2: Base on Balls
|
Batting: RHB Roger Pelley
|
0-0: Ball 1-0: Ball 2-0: Swinging Strike 2-1: Ball 3-1: Base on Balls John Moore to second
|
Batting: LHB Ryan Fridley
|
0-0: Foul Ball, location: 2F 0-1: Ball 1-1: Ball 2-1: Called Strike 2-2: Foul Ball, location: 2F 2-2: Fly out, F7 (Flyball, 7, EV 88.8 MPH)
|
Batting: RHB Domingas Saragoa
|
0-0: Called Strike 0-1: Foul Ball, location: 2F 0-2: Ball 1-2: Strikes out swinging
|
Batting: LHB Gong Tow
|
0-0: Foul Ball, location: 2F 0-1: Ball 1-1: Foul Ball, location: 2F 1-2: Ball 2-2: Ground out U3 (Groundball, 3L, EV 91.2 MPH)
|
Bottom of the 5th over - 0 runs, 0 hits, 0 errors, 2 left on base; Boston (APP) 3 - Greeneville 6 |
TOP OF THE 6TH |
Boston (APP) Red Sox batting - Pitching for Greeneville Astros : RHP Ernie Bell
|
Batting: RHB Luis Nino
|
0-0: Ball 1-0: Ball 2-0: Ball 3-0: Base on Balls
|
Batting: SHB Matsudaira Ikeda
|
0-0: Ball 1-0: Foul Ball, location: 2F 1-1: Ball 2-1: SINGLE (Flyball, 56D, EV 87.5 MPH) Luis Nino to second
|
DELAY
|
Rain delay of 58 minutes in the 6th inning.
|
Pitching: RHP Tim Evans
|
|
Batting: RHB Estevan Carrillo
|
0-0: Ball 1-0: Called Strike 1-1: Ball 2-1: Ball 3-1: SINGLE (Groundball, 25, EV 70.0 MPH) (infield hit) Luis Nino to third Matsudaira Ikeda to second
|
Batting: RHB Bakhtiar Asadov
|
0-0: Swinging Strike 0-1: Foul Ball, location: 2F 0-2: Foul Ball, location: 2F 0-2: Ball 1-2: Strikes out swinging
|
Batting: LHB Javier Cajina
|
0-0: Swinging Strike 0-1: Called Strike 0-2: Grounds into fielders choice 3-2 (Groundball, 3, EV 84.4 MPH) Matsudaira Ikeda to third Estevan Carrillo to second
|
Batting: RHB Kirk Cully
|
0-0: Ball 1-0: Foul Ball, location: 2F 1-1: Fly out, F5 (Popup, 25F, EV 79.4 MPH)
|
Top of the 6th over - 0 runs, 2 hits, 0 errors, 3 left on base; Boston (APP) 3 - Greeneville 6 |
BOTTOM OF THE 6TH |
Greeneville Astros batting - Pitching for Boston (APP) Red Sox : RHP Matt Collins
|
Pitching: RHP Danny Diaz
|
|
Batting: LHB Guadalupe Gonzalez
|
0-0: Ball 1-0: Ball 2-0: Ball 3-0: Called Strike 3-1: Base on Balls
|
Batting: RHB Devon Healy
|
0-0: Ball 1-0: Called Strike 1-1: Ball 2-1: 2-RUN HOME RUN (Flyball, 78XD, EV 100.0 MPH), Distance : 423 ft
|
Batting: RHB Hugo Priego
|
0-0: Called Strike 0-1: Called Strike 0-2: Ball 1-2: Foul Ball, location: 2F 1-2: Ball 2-2: Foul Ball, location: 2F 2-2: Strikes out swinging
|
Batting: RHB Keith Goodwin
|
0-0: Ball 1-0: Swinging Strike 1-1: Ball 2-1: Ball 3-1: Foul Ball, location: 2F 3-2: Base on Balls
|
Batting: RHB John Moore
|
0-0: Ball 1-0: Ball 2-0: Ball 3-0: Foul Ball, location: 2F 3-1: Called Strike 3-2: Base on Balls Keith Goodwin to second
|
Batting: RHB Roger Pelley
|
0-0: Called Strike 0-1: Foul Ball, location: 2F 0-2: Strikes out swinging
|
Batting: LHB Ryan Fridley
|
0-0: Called Strike 0-1: Ball 1-1: Foul Ball, location: 2F 1-2: Foul Ball, location: 2F 1-2: Strikes out swinging
|
Bottom of the 6th over - 2 runs, 1 hit, 0 errors, 2 left on base; Boston (APP) 3 - Greeneville 8 |
TOP OF THE 7TH |
Boston (APP) Red Sox batting - Pitching for Greeneville Astros : RHP Tim Evans
|
Batting: LHB Kien-lung Zou
|
0-0: Foul Ball, location: 2F 0-1: Foul Ball, location: 2F 0-2: Ball 1-2: Ball 2-2: Ball 3-2: Base on Balls
|
Batting: RHB Josh Smith
|
0-0: Ball 1-0: Ball 2-0: Ball 3-0: Called Strike 3-1: Foul Ball, location: 2F 3-2: Base on Balls Kien-lung Zou to second
|
Batting: LHB Stanislav Parusov
|
0-0: Ball 1-0: Ball 2-0: Ball 3-0: Called Strike 3-1: Base on Balls Kien-lung Zou to third Josh Smith to second
|
Batting: RHB Luis Nino
|
0-0: Swinging Strike 0-1: Swinging Strike 0-2: Foul Ball, location: 2F 0-2: Ball 1-2: Foul Ball, location: 2F 1-2: Strikes out swinging
|
Pitching: LHP Chase Smith
|
|
Batting: SHB Matsudaira Ikeda
|
0-0: Ball 1-0: Swinging Strike 1-1: Fly out, F7 (Flyball, 78M, EV 87.5 MPH)
|
Batting: RHB Estevan Carrillo
|
0-0: Ball 1-0: Ball 2-0: SINGLE (Groundball, 6MS, EV 71.9 MPH) (infield hit) Kien-lung Zou scores Josh Smith to third Stanislav Parusov to second
|
Batting: RHB Bakhtiar Asadov
|
0-0: Called Strike 0-1: Ball 1-1: Swinging Strike 1-2: Ball 2-2: Strikes out swinging
|
Top of the 7th over - 1 run, 1 hit, 0 errors, 3 left on base; Boston (APP) 4 - Greeneville 8 |
BOTTOM OF THE 7TH |
Greeneville Astros batting - Pitching for Boston (APP) Red Sox : RHP Danny Diaz
|
Pitching: RHP Du Kong
|
|
Batting: RHB Domingas Saragoa
|
0-0: Ground out U3 (Groundball, 13, EV 90.0 MPH)
|
Batting: LHB Gong Tow
|
0-0: Foul Ball, location: 2F 0-1: Ball 1-1: Ball 2-1: Ball 3-1: Base on Balls
|
Batting: LHB Guadalupe Gonzalez
|
0-0: Ball 1-0: Swinging Strike 1-1: Grounds into double play, U6-3 (Groundball, 4M, EV 105.6 MPH)
|
Bottom of the 7th over - 0 runs, 0 hits, 0 errors, 0 left on base; Boston (APP) 4 - Greeneville 8 |
TOP OF THE 8TH |
Boston (APP) Red Sox batting - Pitching for Greeneville Astros : LHP Chase Smith
|
Batting: LHB Javier Cajina
|
0-0: Ball 1-0: Ball 2-0: Called Strike 2-1: Foul Ball, location: 2F 2-2: Strikes out swinging
|
Batting: RHB Kirk Cully
|
0-0: Ball 1-0: Foul Ball, location: 2F 1-1: Called Strike 1-2: Strikes out swinging
|
Batting: LHB Kien-lung Zou
|
0-0: Ball 1-0: Swinging Strike 1-1: Ball 2-1: Foul Ball, location: 2F 2-2: Ball 3-2: DOUBLE (Line Drive, 78D, EV 110.6 MPH)
|
Batting: RHB Josh Smith
|
0-0: Ball 1-0: Ball 2-0: SINGLE (Groundball, 6MD, EV 94.4 MPH) Kien-lung Zou to third Runner from 3rd tries for Home, SAFE, throw by CF to home Josh Smith to second
|
Batting: LHB Stanislav Parusov
|
0-0: Ball 1-0: Fly out, F7 (Flyball, 78S, EV 90.6 MPH)
|
Top of the 8th over - 1 run, 2 hits, 0 errors, 1 left on base; Boston (APP) 5 - Greeneville 8 |
BOTTOM OF THE 8TH |
Greeneville Astros batting - Pitching for Boston (APP) Red Sox : RHP Du Kong
|
Batting: RHB Devon Healy
|
0-0: Ball 1-0: Foul Ball, location: 2F 1-1: Ball 2-1: Ball 3-1: Base on Balls
|
Batting: RHB Hugo Priego
|
0-0: Foul Ball, location: 2F 0-1: Fly out, F8 (Line Drive, 8RM, EV 90.6 MPH)
|
Batting: RHB Keith Goodwin
|
0-0: Called Strike 0-1: Called Strike 0-2: Foul Ball, location: 2F 0-2: Foul Ball, location: 2F 0-2: Strikes out swinging
|
Batting: RHB John Moore
|
0-0: Ball 1-0: Swinging Strike 1-1: Called Strike 1-2: Strikes out swinging, 2-3 out at first.
|
Bottom of the 8th over - 0 runs, 0 hits, 0 errors, 1 left on base; Boston (APP) 5 - Greeneville 8 |
TOP OF THE 9TH |
Boston (APP) Red Sox batting - Pitching for Greeneville Astros : LHP Chase Smith
|
Pitching: LHP Joey Callanta
|
|
Batting: RHB Luis Nino
|
0-0: Ball 1-0: Reached on error, E4 (Groundball, 4, EV 79.4 MPH)
|
Pinch Hitting: RHB Joe Booth
|
0-0: Foul Ball, location: 2F 0-1: Ball 1-1: Foul Ball, location: 2F 1-2: Foul Ball, location: 2F 1-2: Strikes out swinging
|
Pinch Hitting: LHB Mike Hutcheson
|
0-0: Called Strike 0-1: Ball 1-1: Ball 2-1: Ball 3-1: Foul Ball, location: 2F 3-2: Base on Balls Luis Nino to second
|
Batting: RHB Bakhtiar Asadov
|
0-0: Foul Ball, location: 2F 0-1: Fly out, F7 (Flyball, 7S, EV 86.9 MPH)
|
Batting: LHB Javier Cajina
|
0-0: Ball 1-0: Ball 2-0: SINGLE (Groundball, 34D, EV 98.1 MPH) Luis Nino to third Mike Hutcheson to second
|
Batting: RHB Kirk Cully
|
0-0: Fly out, F3 (Popup, 3SF, EV 75.6 MPH)
|
Top of the 9th over - 0 runs, 1 hit, 1 error, 3 left on base; Boston (APP) 5 - Greeneville 8 |
|